 Dungeon Crawl Stone Soup version 0.31-a0-36-g603a1083af (webtiles) character file.

Game seed: 2319138378327439079

90 Salm0nSnake the Poker (level 4, -4/37 HPs)
             Began as a Merfolk Fighter on May 14, 2023.
             Was an Initiate of Yredelemnul.
             Killed by divine providence
             ... invoked by an orc priest
              (17 damage)
             ... on level 3 of the Dungeon.
             The game lasted 00:25:16 (2125 turns).

Salm0nSnake the Poker (Merfolk Fighter)             Turns: 2125, Time: 00:25:19

Health: -4/37      AC:  6    Str: 15 (18) XL:     4   Next: 56%
Magic:  4/4        EV: 13    Int:  4 (7)  God:    Yredelemnul [......]
Gold:   84         SH:  4    Dex: 10 (13) Spells: 3/3 levels left

rFire   . . .        a - +0 trident
rCold   . . .        c - +0 buckler
rNeg    . . .        b - +0 scale mail
rPois   .            (no helmet)
rElec   .            (no cloak)
rCorr   .            (no gloves)
SInv    .            (no boots)
Will    .....        (no amulet) Stlth
                     i - +5 ring of evasion
HPRegen 0.26/turn    (no ring)
MPRegen 0.09/turn

%: no passive effects
@: no status effects
A: (nimble swimmer 2), mertail
a: Renounce Religion, Recall Undead Harvest


You were on level 3 of the Dungeon.
You worshipped Yredelemnul.
Yredelemnul was noncommittal.
You visited 1 branch of the dungeon, and saw 3 of its levels.

You collected 84 gold pieces.

Inventory:

Hand Weapons
 a - a +0 trident (weapon)
 l - a +0 vampiric short sword
Missiles
 k - 4 poisoned darts (quivered)
Armour
 b - a +0 scale mail (worn)
 c - a +0 buckler (worn)
Magical Staves
 m - a staff of poison
Jewellery
 i - a +5 ring of evasion (left hand)
Scrolls
 d - a scroll of enchant weapon {unknown}
 e - a scroll of immolation {unknown}
 f - 3 scrolls of vulnerability


   Skills:
 + Level 3.8 Fighting
 + Level 4.0 Polearms
 + Level 2.8 Armour
 + Level 0.5 Dodging
 + Level 3.4 Shields
 + Level 0.1 Evocations


You had 3 spell levels left.
You didn't know any spells.
Your spell library contained the following spells:

 Spells                   Type           Power      Damage    Failure   Level
 Ensorcelled Hibernation  Hex/Ice        0%         N/A       99%         2
 Passwall                 Tmut/Erth      0%         N/A       99%         2
 Spider Form              Tmut/Pois      0%         N/A       100%        3
 Swiftness                Air            0%         N/A       100%        3
 Anguish                  Hex/Necr       0%         N/A       100%        4


Dungeon Overview and Level Annotations

Branches:
Dungeon (3/15)

Altars:
Yredelemnul

Shops:
D:2 (


Innate Abilities, Weirdness & Mutations

((You are very nimble when in or above water. (Stealth+, EV+, Speed+++)))
Your lower body shifts to a powerful aquatic tail in water.


Message History

Your hobgoblin zombie is destroyed!
You barely miss the orc.
The orc priest looks more healthy.
The orc completely misses you.
You closely miss the orc. The orc barely misses you.
You barely miss the orc. You closely miss the orc. You hit the orc.
The orc is severely wounded.
You block the orc's attack.
You closely miss the orc.
The orc is severely wounded.
The orc hits you but does no damage.
You closely miss the orc.
The orc is severely wounded.
The orc hits you with a +0 mace. You block the orc's attack.
The orc priest mumbles some strange prayers to Beogh against you.
Beogh smites you!
You feel better. The orc hits you with a +0 mace.
You closely miss the orc.
The orc is severely wounded.
The orc misses you.
You puncture the orc!
You kill the orc!
The dead are walking!
Your Polearms skill increases to level 4!
You hit the orc.
The orc is heavily wounded.
You block the orc's attack.
You puncture the orc!
You kill the orc!
The orc priest calls down the wrath of Beogh upon you.
Pain shoots through your body!
It was a potion of degeneration.
There was something very wrong with that liquid.
You feel weakened.
You feel dopey.
You feel clumsy.
Your orc zombie hits the orc priest but does no damage.
The orc priest calls down the wrath of Beogh upon you.
Beogh smites you!
You die...
Your body rises from the dead as a mindless zombie.

# #########.## #
#....# #####
#######....# ....#
#.....+....#
....###.#####....#
.
......#.#####....#
.!
....#...........Z#
...
#...###.....####Z#
o(.. .......<###.#
#@# .....
........# # #
#)#...o..
..#####.#
#oZ?..... ..# #.#
#......#.##### ..#
......####.#...
#.####[.. ..# #...
......... ... ....
######.#.. ....
... ...# ..


You could see an orc priest (ally target), a friendly goblin zombie, a friendly
orc zombie and the friendly Robin the hobgoblin zombie.

Vanquished Creatures
  Robin (D:3)
  An adder (D:2)
  A dart slug (D:2)
  2 orcs (D:3)
  5 ball pythons
  3 endoplasms
  3 giant cockroaches
  7 goblins (D:3)
  7 hobgoblins
  2 quokkas (D:2)
  3 frilled lizards (D:2)
  3 kobolds
  A rat (D:1)
39 creatures vanquished.

Vanquished Creatures (collateral kills)
  A worm (D:3)
  2 dart slugs
  A ball python (D:3)
  2 endoplasms
  2 goblins (D:3)
  2 hobgoblins
  A kobold (D:2)
  A quokka (D:2)
  A frilled lizard (D:2)
  A rat (D:2)
14 creatures vanquished.

Vanquished Creatures (others)
  A bat zombie (D:1)
  A ball python zombie (D:2)
  A dart slug zombie (D:2)
  A giant cockroach zombie (D:2)
  3 goblin zombies (D:3)
  4 hobgoblin zombies
  A kobold zombie (D:2)
12 creatures vanquished.

Grand Total: 65 creatures vanquished

Notes
Turn   | Place    | Note
-------+----------+-------------------------------------------
     0 | D:1      | Salm0nSnake the Merfolk Fighter began the quest for the
                  | Orb.
     0 | D:1      | Reached XP level 1. HP: 18/18 MP: 1/1
   186 | D:1      | Found a faded altar of an unknown god.
   256 | D:1      | Prayed at the altar of an unknown god.
   256 | D:1      | Became a worshipper of Yredelemnul the Dark
   256 | D:1      | Reached * piety under Yredelemnul
   404 | D:1      | Reached XP level 2. HP: 24/24 MP: 2/2
   492 | D:1      | Reached ** piety under Yredelemnul
  1369 | D:2      | Reached XP level 3. HP: 30/30 MP: 3/3
  1371 | D:2      | Reached skill level 3 in Polearms
  1375 | D:2      | Found Lupp's Antique Weapon Shoppe.
  1902 | D:3      | Noticed Robin
  1912 | D:3      | Reached XP level 4. HP: 29/37 MP: 4/4
  1936 | D:3      | Killed Robin
  2123 | D:3      | Reached skill level 4 in Polearms
  2125 | D:3      | Killed from afar by an orc priest

Illustrated notes

Levels and vault maps discovered:
D:1:      elethiomel_arrival_shortcut, layout_basic,
          shapermc_ecumenical_altar_gd, minmay_shallow_snake_nest
D:2:      layout_rooms, serial_shops, shop
D:3:      layout_basic, uniq_sigmund, uniq_robin

Skill      XL: |  1  2  3  4 |
---------------+-------------+-----
Polearms       | 3 4 |  4.0
Fighting       | |  3.8
Armour         | |  2.8
Dodging        | |  0.5
Shields        | |  3.4
Evocations     | |  0.1

Action                     |  1- 3 |  4- 6 || total
---------------------------+-------+-------++-------
  Melee: Trident           |   104 |    33 ||   137
  Throw: Dart              |     1 |     2 ||     3
  Evoke: Wand              |     2 |       ||     2
    Use: Scroll            |     3 |     1 ||     4
         Potion            |     3 |     6 ||     9
 Armour: Scale mail        |    28 |    12 ||    40
  Dodge: Dodged            |    48 |    28 ||    76
  Block: Buckler           |    21 |    12 ||    33

Table legend: (Time is in decaauts)
 A = Elapsed time spent in this place.
 B = Non-inter-level travel time spent in this place.
 C = Inter-level travel time spent in this place.
 D = Time resting spent in this place.
 E = Time spent auto-exploring this place.
 F = Levels seen in this place.
 G = Mean time per level.
                   A        B        C        D        E       F      G
               +--------+--------+--------+--------+--------+-----+--------+
         Total |   2147 |   2147 |      0 |    177 |   1139 |   3 |  715.7 |
       Dungeon |   2147 |   2147 |      0 |    177 |   1139 |   3 |  715.7 |
               +--------+--------+--------+--------+--------+-----+--------+

Top non-repeatable levels by time:
     D:1: 1325 daAuts
     D:2: 487 daAuts
     D:3: 334 daAuts
